Rangers vs Sabres

Created - Sunday, March 15, 2015 at 02:20

Goals
1 2 3 T
Rangers 0 1 2 3
Sabres 1 2 5 8
Shots
1 2 3 T
Rangers 7 8 20 35
Sabres 13 11 14 38

1st period

1. Sabres , PA Parenteau 3 (Jay Bouwmeester) at 13:08

Penalties :
Jeff Halpern (NYR) for Hooking (Minor) at 2:50, Tanner Glass (NYR) for Holding (Minor) at 18:52

2nd period

2. Rangers , Zach Parise 23 (Kevin Shattenkirk) at 0:48 (SH)
3. Sabres , Eric Brewer 13 (Jay Bouwmeester, Blake Wheeler) at 3:10
4. Sabres , Henrik Zetterberg 41 (Gustav Nyquist, Jay Bouwmeester) at 12:17 (PP)

Penalties :
Tanner Glass (NYR) for Holding Stick (Minor) at 10:33, Blake Wheeler (Buf) for Slashing (Double Minor) at 13:55

3rd period

5. Rangers , Nathan Gerbe 16 (Zach Parise) at 1:16
6. Rangers , Tanner Glass 4 (Jay McClement, Kevin Bieksa) at 3:04
7. Sabres , Steven Stamkos 48 (Sidney Crosby) at 5:31 (PP)
8. Sabres , PA Parenteau 4 (Jay Bouwmeester) at 8:01
9. Sabres , PA Parenteau 5 (Brooks Orpik) at 9:50
10. Sabres , Henrik Zetterberg 42 (Steven Stamkos) at 16:41
11. Sabres , Steven Stamkos 49 (Sidney Crosby) at 18:22 (PP)

Penalties :
Nikita Nikitin (NYR) for High sticking (Double Minor) at 5:29, Tanner Glass (NYR) for Roughing (Minor) at 17:58

Goalie Stats

Jaroslav Halak (NYR), 30 saves from 38 shots - (0.789), L, 21-20-3, 60:00 minutes
Ondrej Pavelec (Buf), 32 saves from 35 shots - (0.914), W, 16-3-0, 60:00 minutes

Players Stats for Rangers

Player Name              G  A  P  +/- PIM S  H  SB GA TA FO     MP     PP MP  PK MP  
------------------------------------------------------------------------------------
Daniel Sedin             0  0  0  -2  0   6  2  0  1  1  0/1    19:41   1:28   1:27 
Jamie McBain             0  0  0  -2  0   0  1  2  0  1  0/0    20:22   2:00   3:22 
Jay McClement            0  1  1   0  0   2  1  1  1  0  8/12   17:05   2:04   0:58 
Jay Rosehill             0  0  0   0  0   0  0  0  0  0  0/0     0:27   0:27   0:00 
Jeff Halpern             0  0  0   0  2   2  0  0  1  0  0/0    14:20   0:27   0:00 
Jeff Skinner             0  0  0  -2  0   2  0  1  5  0  3/17   19:41   1:28   1:27 
Justin Falk              0  0  0  -1  0   3  0  1  1  1  0/0    12:14   0:00   0:29 
Kevin Bieksa             0  1  1   1  0   5  3  5  0  3  0/0    27:53   1:59   4:45 
Kevin Shattenkirk        0  1  1   1  0   2  1  1  1  5  0/0    27:53   1:59   4:45 
Kyle Brodziak            0  0  0  -1  0   0  0  0  0  0  3/4     6:23   0:27   0:00 
Kyle Palmieri            0  0  0  -1  0   0  0  0  0  0  0/0     5:56   0:00   0:00 
Logan Couture            0  0  0   0  0   2  0  1  1  0  5/12   10:33   0:00   0:00 
Nathan Gerbe             1  0  1   1  0   1  0  3  1  1  0/3    20:22   2:04   6:40 
Nikita Nikitin           0  0  0  -3  4   2  2  4  0  0  0/0    20:23   2:00   2:53 
Philip Larsen            0  0  0  -1  0   1  0  1  0  2  0/0    11:45   0:00   0:00 
Tanner Glass             1  0  1   0  6   3  0  1  0  1  0/0    14:16   0:00   0:00 
Todd Bertuzzi            0  0  0  -1  0   0  3  1  0  1  2/2    17:43   1:28   0:00 
Zach Parise              1  1  2   0  0   4  1  1  2  1  1/13   24:51   2:04   5:42 

Players Stats for Sabres

Player Name              G  A  P  +/- PIM S  H  SB GA TA FO     MP     PP MP  PK MP  
------------------------------------------------------------------------------------
Alec Martinez            0  0  0   0  0   0  0  0  1  0  0/0    15:11   3:50   0:00 
Alex Pietrangelo         0  0  0   3  0   4  1  2  0  3  0/0    25:13   4:17   1:42 
Blake Wheeler            0  1  1  -1  4   1  2  1  2  0  0/0    17:46   3:20   0:00 
Brooks Orpik             0  1  1   2  0   4  5  1  0  1  0/0    21:30   3:50   1:42 
Chris Higgins            0  0  0   0  0   0  0  0  1  2  0/1     8:41   0:00   1:57 
David Perron             0  0  0   0  0   0  2  0  0  0  2/2    20:31   4:47   0:00 
Dwight King              0  0  0   0  0   0  1  0  0  0  0/1     6:44   0:00   0:00 
Eric Brewer              1  0  1  -1  0   3  2  2  1  2  0/0    19:36   0:00   2:17 
Gustav Nyquist           0  1  1  -1  0   1  0  0  3  0  2/3    17:44   3:20   0:00 
Henrik Zetterberg        2  0  2  -1  0   3  0  1  6  0  3/3    20:09   3:20   2:02 
Jay Bouwmeester          0  4  4  -1  0   4  1  4  0  1  0/0    27:09   4:17   2:17 
Marc-Andre Cliche        0  0  0   0  0   0  0  0  0  0  2/6     8:49   0:00   2:02 
Matt Stajan              0  0  0   3  0   0  0  0  0  1  4/7    12:56   0:00   1:57 
PA Parenteau             3  0  3   3  0   3  0  0  2  1  0/1    10:59   0:00   0:00 
Sidney Crosby            0  2  2   0  0   8  2  1  4  0  19/26  20:11   4:47   0:00 
Stephane Robidas         0  0  0   1  0   1  1  0  0  0  0/0    11:21   0:00   0:00 
Steve Downie             0  0  0   3  0   1  1  0  0  0  0/0    10:59   0:00   0:00 
Steven Stamkos           2  1  3   0  0   5  2  0  4  1  10/14  20:31   4:47   0:00 

3 Stars

1 - PA Parenteau (Buf)
2 - Steven Stamkos (Buf)
3 - Jay Bouwmeester (Buf)

Power Play

Rangers - 0 on 2 Attempt(s) - 0.00%
Sabres - 3 on 6 Attempt(s) - 50.00%

Penalty Kill

Rangers - 3 on 6 Attempt(s) - 50.00% - Score 1 goal in Penalty Kill
Sabres - 2 on 2 Attempt(s) - 100.00% - Score 0 goal in Penalty Kill

Team Stat

Rangers - Hits : 14 - Faceoff Wins : 22 - Blocked Shots : 23 - Penalty Minutes : 12
Sabres - Hits : 20 - Faceoff Wins : 42 - Blocked Shots : 12 - Penalty Minutes : 4

Official

Referees : Unknown
Linesman : Unknown

Game Notes

7:07 of 1st period - Rangers goal is going for a video replay. After video review, No Goal. The referee deems the play has been stopped, even if he had not physically had the opportunity to stop play by blowing his whistle.
PA Parenteau has scored a Hat Trick!

Finance

Level 1 -- Attendance: 6000 (100.00%) -- Ticket Income $456,000
Level 2 -- Attendance: 5000 (100.00%) -- Ticket Income $215,000
Level 3 -- Attendance: 1807 (90.35%) -- Ticket Income $48,789
Level 4 -- Attendance: 3956 (98.90%) -- Ticket Income $47,472
Luxury Box -- Attendance: 968 (96.80%) -- Ticket Income $166,496
Game was played at the HSBC Arena'
Total Attendance: 17731 (98.51%)
Total Ticket Income: $933,757
Other Income: $457,541
Total Income: $1,391,298

Rangers

5 vs 5 Forward 
   Center                   Left Wing                Right Wing               Time % Phy DF OF 
 1 Logan Couture            Zach Parise              Nathan Gerbe             35     1   2  2  
 2 Jeff Skinner             Daniel Sedin             Todd Bertuzzi            30     1   2  2  
 3 Jay McClement            Tanner Glass             Jeff Halpern             22     1   2  2  
 4 Kyle Brodziak            Kyle Palmieri            Zach Parise              13     1   2  2  

5 vs 5 Defense 
   Defense                  Defense                                           Time % Phy DF OF 
 1 Kevin Bieksa             Kevin Shattenkirk                                 35     1   2  2  
 2 Jamie McBain             Nikita Nikitin                                    30     1   2  2  
 3 Philip Larsen            Justin Falk                                       22     1   2  2  
 4 Kevin Bieksa             Kevin Shattenkirk                                 13     1   2  2  

PowerPlay Forward 
   Center                   Left Wing                Right Wing               Time % Phy DF OF 
 1 Jay McClement            Zach Parise              Nathan Gerbe             60     1   2  2  
 2 Jeff Skinner             Daniel Sedin             Todd Bertuzzi            40     1   2  2  

PowerPlay Defense
   Defense                  Defense                                           Time % Phy DF OF 
 1 Kevin Bieksa             Kevin Shattenkirk                                 60     1   2  2  
 2 Jamie McBain             Nikita Nikitin                                    40     1   2  2  

Penalty Kill 4 Players Forward 
   Center                   Wing                     Time % Phy DF OF 
 1 Zach Parise              Nathan Gerbe             60     1   2  2  
 2 Daniel Sedin             Jeff Skinner             40     1   2  2  

Penalty Kill 4 Players Defense
   Defense                  Defense                  Time % Phy DF OF 
 1 Kevin Bieksa             Kevin Shattenkirk        60     1   2  2  
 2 Jamie McBain             Nikita Nikitin           40     1   2  2  

Penalty Kill - 3 Players Forward 
   Forward                                           Time % Phy DF OF 
 1 Zach Parise                                       60     1   2  2  
 2 Daniel Sedin                                      40     1   2  2  

Penalty Kill - 3 Players Defense
   Defense                  Defense                  Time % Phy DF OF 
 1 Kevin Bieksa             Kevin Shattenkirk        60     1   2  2  
 2 Jamie McBain             Nikita Nikitin           40     1   2  2  

4 vs 4 Forward 
   Center                   Wing                     Time % Phy DF OF 
 1 Zach Parise              Logan Couture            60     1   2  2  
 2 Daniel Sedin             Jeff Skinner             40     1   2  2  

4 vs 4 Defense
   Defense                  Defense                  Time % Phy DF OF 
 1 Kevin Bieksa             Kevin Shattenkirk        60     1   2  2  
 2 Jamie McBain             Nikita Nikitin           40     1   2  2  

Last Minutes Offensive
   Center                   Left Wing                Right Wing               Defense                  Defense                  
   Logan Couture            Zach Parise              Nathan Gerbe             Kevin Bieksa             Kevin Shattenkirk        

Last Minutes Defensive
   Center                   Left Wing                Right Wing               Defense                  Defense                  
   Logan Couture            Zach Parise              Nathan Gerbe             Kevin Bieksa             Kevin Shattenkirk        

Goaltenders
Starting : Jaroslav Halak           
Backup : Tom McCollum             

Extra Forwards
Normal : Jay McClement, Kyle Brodziak, Tanner Glass - PP : Jay McClement, Kyle Brodziak - PK : Tanner Glass
Extra Defensemen
Normal : Philip Larsen, Justin Falk, Jamie McBain - PP : Philip Larsen - PK : Justin Falk, Jamie McBain
Penalty Shots
Zach Parise, Nathan Gerbe, Daniel Sedin, Jeff Skinner, Jay McClement

Sabres

5 vs 5 Forward 
   Center                   Left Wing                Right Wing               Time % Phy DF OF 
 1 Sidney Crosby            Gustav Nyquist           Blake Wheeler            40     1   1  3  
 2 Steven Stamkos           Henrik Zetterberg        David Perron             39     0   1  4  
 3 Matt Stajan              Steve Downie             PA Parenteau             15     1   2  2  
 4 Marc-Andre Cliche        Dwight King              Chris Higgins            6      2   2  1  

5 vs 5 Defense 
   Defense                  Defense                                           Time % Phy DF OF 
 1 Brooks Orpik             Alex Pietrangelo                                  37     1   3  1  
 2 Jay Bouwmeester          Eric Brewer                                       36     1   2  2  
 3 Alec Martinez            Stephane Robidas                                  17     1   4  0  
 4 Jay Bouwmeester          Alex Pietrangelo                                  10     1   1  3  

PowerPlay Forward 
   Center                   Left Wing                Right Wing               Time % Phy DF OF 
 1 Sidney Crosby            David Perron             Steven Stamkos           55     0   0  5  
 2 Henrik Zetterberg        Gustav Nyquist           Blake Wheeler            45     0   0  5  

PowerPlay Defense
   Defense                  Defense                                           Time % Phy DF OF 
 1 Jay Bouwmeester          Alex Pietrangelo                                  55     0   2  3  
 2 Alec Martinez            Brooks Orpik                                      45     0   2  3  

Penalty Kill 4 Players Forward 
   Center                   Wing                     Time % Phy DF OF 
 1 Matt Stajan              Chris Higgins            50     1   4  0  
 2 Marc-Andre Cliche        Henrik Zetterberg        50     2   3  0  

Penalty Kill 4 Players Defense
   Defense                  Defense                  Time % Phy DF OF 
 1 Brooks Orpik             Alex Pietrangelo         50     1   4  0  
 2 Eric Brewer              Jay Bouwmeester          50     1   4  0  

Penalty Kill - 3 Players Forward 
   Forward                                           Time % Phy DF OF 
 1 Matt Stajan                                       50     1   2  2  
 2 Marc-Andre Cliche                                 50     1   2  2  

Penalty Kill - 3 Players Defense
   Defense                  Defense                  Time % Phy DF OF 
 1 Brooks Orpik             Alex Pietrangelo         50     1   4  0  
 2 Eric Brewer              Jay Bouwmeester          50     1   4  0  

4 vs 4 Forward 
   Center                   Wing                     Time % Phy DF OF 
 1 Sidney Crosby            Blake Wheeler            50     0   1  4  
 2 Steven Stamkos           Henrik Zetterberg        50     1   1  3  

4 vs 4 Defense
   Defense                  Defense                  Time % Phy DF OF 
 1 Jay Bouwmeester          Alex Pietrangelo         50     1   2  2  
 2 Eric Brewer              Brooks Orpik             50     1   2  2  

Last Minutes Offensive
   Center                   Left Wing                Right Wing               Defense                  Defense                  
   Sidney Crosby            Henrik Zetterberg        Steven Stamkos           Jay Bouwmeester          Alex Pietrangelo         

Last Minutes Defensive
   Center                   Left Wing                Right Wing               Defense                  Defense                  
   Henrik Zetterberg        Dwight King              Chris Higgins            Brooks Orpik             Alex Pietrangelo         

Goaltenders
Starting : Ondrej Pavelec           
Backup : Petr Mrazek              

Extra Forwards
Normal : Steven Stamkos, Henrik Zetterberg, Gustav Nyquist - PP : David Perron, Steven Stamkos - PK : Chris Higgins
Extra Defensemen
Normal : Eric Brewer, Stephane Robidas, Brooks Orpik - PP : Eric Brewer - PK : Eric Brewer, Brooks Orpik
Penalty Shots
Steven Stamkos, Sidney Crosby, PA Parenteau, Blake Wheeler, David Perron

% Time on Ice - Rangers

Lines # - Real PCT - Wanted PCT - Time Play
Normal Forward
1 - 24% - 35% - 11:38
2 - 35% - 30% - 16:46
3 - 28% - 22% - 13:34
4 - 12% - 13% - 5:56
Normal Defense
1 - 35% - 35% - 16:38
2 - 31% - 30% - 15:00
3 - 25% - 22% - 11:45
4 - 9% - 13% - 4:31
PP Forward
1 - 52% - 60% - 2:04
2 - 48% - 40% - 1:55
PP Defense
1 - 50% - 60% - 1:59
2 - 50% - 40% - 2:00
PK Forward
1 - 82% - 60% - 6:40
2 - 18% - 40% - 1:27
PK Defense
1 - 59% - 60% - 4:45
2 - 41% - 40% - 3:22
PK3 Forward
1 - 0% - 60%
2 - 0% - 40%
PK3 Defense
1 - 0% - 60%
2 - 0% - 40%
44 Forward
1 - 0% - 60%
2 - 0% - 40%
44 Defense
1 - 0% - 60%
2 - 0% - 40%
Last Minute Offensive  - 0:00
Last Minute Defensive  - 0:00
Total
Forward - 60:00
Defense - 60:00

% Time on Ice - Sabres

Lines # - Real PCT - Wanted PCT - Time Play
Normal Forward
1 - 32% - 40% - 15:24
2 - 31% - 39% - 14:47
3 - 23% - 15% - 10:59
4 - 14% - 6% - 6:44
Normal Defense
1 - 37% - 37% - 17:38
2 - 36% - 36% - 17:19
3 - 24% - 17% - 11:21
4 - 3% - 10% - 1:36
PP Forward
1 - 59% - 55% - 4:47
2 - 41% - 45% - 3:20
PP Defense
1 - 53% - 55% - 4:17
2 - 47% - 45% - 3:50
PK Forward
1 - 49% - 50% - 1:57
2 - 51% - 50% - 2:02
PK Defense
1 - 43% - 50% - 1:42
2 - 57% - 50% - 2:17
PK3 Forward
1 - 0% - 50%
2 - 0% - 50%
PK3 Defense
1 - 0% - 50%
2 - 0% - 50%
44 Forward
1 - 0% - 50%
2 - 0% - 50%
44 Defense
1 - 0% - 50%
2 - 0% - 50%
Last Minute Offensive  - 0:00
Last Minute Defensive  - 0:00
Total
Forward - 60:00
Defense - 60:00

Play by Play

1st period


0:01 of 1st period - Logan Couture wins face-off versus Sidney Crosby in neutral zone.
0:22 of 1st period - Wrist shot by Sidney Crosby.
0:22 of 1st period - Shot Misses the Net.
0:24 of 1st period - Snap shot by Alex Pietrangelo.
0:24 of 1st period - Stopped by Jaroslav Halak with a rebound.
0:26 of 1st period - Snap shot by Sidney Crosby.
0:26 of 1st period - Shot Misses the Net.
0:28 of 1st period - Snap shot by Sidney Crosby.
0:28 of 1st period - Shot Misses the Net.
0:30 of 1st period - Slapshot by Alex Pietrangelo.
0:30 of 1st period - Shot Blocked by Kevin Bieksa.
0:32 of 1st period - Slapshot by Alex Pietrangelo.
0:32 of 1st period - Deflect By Gustav Nyquist.
0:32 of 1st period - Shot Misses the Net.
0:32 of 1st period - Puck is out of play.
0:33 of 1st period - Steven Stamkos wins face-off versus Jeff Skinner in Rangers zone.
0:58 of 1st period - Wrist shot by Jeff Skinner.
0:58 of 1st period - Shot Misses the Net.
1:00 of 1st period - Slapshot by Jamie McBain.
1:00 of 1st period - Shot Misses the Net.
1:02 of 1st period - Slapshot by Nikita Nikitin.
1:02 of 1st period - Stopped by Ondrej Pavelec with a rebound.
2:20 of 1st period - Snap shot by Gustav Nyquist.
2:20 of 1st period - Shot Blocked by Jamie McBain.
2:22 of 1st period - Slapshot by Brooks Orpik.
2:22 of 1st period - Stopped by Jaroslav Halak with a rebound.
2:24 of 1st period - Slapshot by Brooks Orpik.
2:24 of 1st period - Stopped by Jaroslav Halak with a rebound.
2:34 of 1st period - Slapshot by Blake Wheeler.
2:34 of 1st period - Shot Blocked by Tanner Glass.
2:36 of 1st period - Slapshot by Brooks Orpik.
2:36 of 1st period - Stopped by Jaroslav Halak with a rebound.
2:38 of 1st period - Slapshot by Brooks Orpik.
2:38 of 1st period - Shot Blocked by Nikita Nikitin.
2:40 of 1st period - Slapshot by Brooks Orpik.
2:40 of 1st period - Stopped by Jaroslav Halak with a rebound.
2:50 of 1st period - Minor Penalty to Jeff Halpern for Hooking.
2:51 of 1st period - Sidney Crosby wins face-off versus Zach Parise in Rangers zone.
4:04 of 1st period - Brooks Orpik is hit by Kevin Bieksa and loses puck.
4:17 of 1st period - Jamie McBain is hit by Sidney Crosby and loses puck.
4:50 of 1st period - Penalty to Jeff Halpern is over, Jeff Halpern is back on ice.
4:51 of 1st period - Nikita Nikitin is hit by Alex Pietrangelo and loses puck.
5:26 of 1st period - Alec Martinez is hit by Todd Bertuzzi and loses puck.
5:33 of 1st period - Brooks Orpik is hit by Jamie McBain and loses puck.
5:38 of 1st period - Wrist shot by Jeff Skinner.
5:38 of 1st period - Shot Misses the Net.
5:40 of 1st period - Snap shot by Jeff Skinner.
5:40 of 1st period - Stopped by Ondrej Pavelec with a rebound.
6:00 of 1st period - Wrist shot by PA Parenteau.
6:00 of 1st period - Shot Misses the Net.
6:06 of 1st period - Snap shot by Steve Downie.
6:06 of 1st period - Shot Blocked by Philip Larsen.
6:14 of 1st period - Snap shot by Steve Downie.
6:14 of 1st period - Stopped by Jaroslav Halak without a rebound.
6:15 of 1st period - Matt Stajan wins face-off versus Jeff Skinner in Rangers zone.
7:03 of 1st period - Backhand shot by Philip Larsen.
7:03 of 1st period - Stopped by Ondrej Pavelec with a rebound.
7:05 of 1st period - Slapshot by Justin Falk.
7:05 of 1st period - Stopped by Ondrej Pavelec with a rebound.
7:07 of 1st period - Snap shot by Jeff Halpern.
7:07 of 1st period - Rangers goal is going for a video replay.
7:07 of 1st period - The goal is refused. The referee deems the play has been stopped, even if he had not physically had the opportunity to stop play by blowing his whistle..
7:08 of 1st period - Jay McClement wins face-off versus Marc-Andre Cliche in Sabres zone.
7:12 of 1st period - Icing by Marc-Andre Cliche.
7:13 of 1st period - Kyle Brodziak wins face-off versus Chris Higgins in Sabres zone.
7:20 of 1st period - Slapshot by Alex Pietrangelo.
7:20 of 1st period - Stopped by Jaroslav Halak without a rebound.
7:21 of 1st period - Kyle Brodziak wins face-off versus Marc-Andre Cliche in Rangers zone.
7:57 of 1st period - Alex Pietrangelo is hit by Kevin Shattenkirk.
8:27 of 1st period - Daniel Sedin is hit by Brooks Orpik and loses puck.
8:37 of 1st period - Icing by Alex Pietrangelo.
8:38 of 1st period - Sidney Crosby wins face-off versus Jay McClement in Sabres zone.
8:53 of 1st period - Snap shot by Tanner Glass.
8:53 of 1st period - Stopped by Ondrej Pavelec with a rebound.
9:46 of 1st period - Snap shot by Nathan Gerbe.
9:46 of 1st period - Shot Blocked by Eric Brewer.
9:52 of 1st period - Wrist shot by Zach Parise.
9:52 of 1st period - Shot Misses the Net.
10:17 of 1st period - Slapshot by Steve Downie.
10:17 of 1st period - Shot Misses the Net.
10:19 of 1st period - Snap shot by Steve Downie.
10:19 of 1st period - Shot Misses the Net.
10:21 of 1st period - Wrist shot by Alec Martinez.
10:21 of 1st period - Deflect By PA Parenteau.
10:21 of 1st period - Shot Misses the Net.
10:21 of 1st period - Puck is out of play.
10:22 of 1st period - Matt Stajan wins face-off versus Kyle Brodziak in Rangers zone.
12:30 of 1st period - Off-side.
12:31 of 1st period - Steven Stamkos wins face-off versus Logan Couture in neutral zone.
12:36 of 1st period - Kevin Bieksa is hit by David Perron and loses puck.
12:50 of 1st period - Snap shot by Steven Stamkos.
12:50 of 1st period - Shot Misses the Net.
13:08 of 1st period - Slapshot by PA Parenteau.
13:08 of 1st period - Goal by PA Parenteau - Rangers : 0 - Sabres : 1.
13:09 of 1st period - Sidney Crosby wins face-off versus Jeff Skinner in neutral zone.
13:24 of 1st period - Slapshot by Sidney Crosby.
13:24 of 1st period - Shot Blocked by Kevin Bieksa.
13:26 of 1st period - Wrist shot by Sidney Crosby.
13:26 of 1st period - Stopped by Jaroslav Halak without a rebound.
13:27 of 1st period - Jeff Skinner wins face-off versus Sidney Crosby in Rangers zone.
13:27 of 1st period - Jeff Skinner is hit by Blake Wheeler.
13:33 of 1st period - Wrist shot by Sidney Crosby.
13:33 of 1st period - Stopped by Jaroslav Halak without a rebound.
13:34 of 1st period - Jay McClement wins face-off versus Steven Stamkos in Rangers zone.
13:38 of 1st period - Off-side.
13:39 of 1st period - Jay McClement wins face-off versus Steven Stamkos in neutral zone.
14:08 of 1st period - Snap shot by Steven Stamkos.
14:08 of 1st period - Shot Misses the Net.
14:10 of 1st period - Snap shot by Eric Brewer.
14:10 of 1st period - Deflect By Steven Stamkos.
14:10 of 1st period - Shot Misses the Net.
14:10 of 1st period - Puck is out of play.
14:11 of 1st period - Logan Couture wins face-off versus Sidney Crosby in Rangers zone.
14:11 of 1st period - Logan Couture is hit by Brooks Orpik.
14:19 of 1st period - Wrist shot by Zach Parise.
14:19 of 1st period - Shot Hit the Post.
14:45 of 1st period - Snap shot by Blake Wheeler.
14:45 of 1st period - Shot Misses the Net.
14:47 of 1st period - Slapshot by Brooks Orpik.
14:47 of 1st period - Shot Blocked by Zach Parise.
14:49 of 1st period - Slapshot by Alex Pietrangelo.
14:49 of 1st period - Deflect By Sidney Crosby.
14:49 of 1st period - Shot Blocked by Logan Couture.
14:49 of 1st period - Puck is out of play.
14:50 of 1st period - David Perron wins face-off versus Jeff Skinner in Rangers zone.
16:25 of 1st period - Slapshot by Sidney Crosby.
16:25 of 1st period - Stopped by Jaroslav Halak with a rebound.
16:37 of 1st period - Snap shot by Zach Parise.
16:37 of 1st period - Stopped by Ondrej Pavelec without a rebound.
16:38 of 1st period - Logan Couture wins face-off versus Marc-Andre Cliche in Sabres zone.
17:12 of 1st period - Icing by Dwight King.
17:13 of 1st period - Marc-Andre Cliche wins face-off versus Jeff Skinner in Sabres zone.
17:39 of 1st period - Alec Martinez is hit by Daniel Sedin and loses puck.
18:08 of 1st period - Icing by Kevin Shattenkirk.
18:09 of 1st period - Jay McClement wins face-off versus Sidney Crosby in Rangers zone.
18:16 of 1st period - Slapshot by Nikita Nikitin.
18:16 of 1st period - Shot Blocked by Jay Bouwmeester.
18:38 of 1st period - Snap shot by Sidney Crosby.
18:38 of 1st period - Stopped by Jaroslav Halak with a rebound.
18:40 of 1st period - Slapshot by Eric Brewer.
18:40 of 1st period - Shot Blocked by Jay McClement.
18:42 of 1st period - Slapshot by Eric Brewer.
18:42 of 1st period - Shot Misses the Net.
18:44 of 1st period - Snap shot by Sidney Crosby.
18:44 of 1st period - Shot Blocked by Nikita Nikitin.
18:52 of 1st period - Minor Penalty to Tanner Glass for Holding.
18:53 of 1st period - Sidney Crosby wins face-off versus Zach Parise in Rangers zone.
19:21 of 1st period - Slapshot by Steven Stamkos.
19:21 of 1st period - Deflect By Sidney Crosby.
19:21 of 1st period - Shot Blocked by Nathan Gerbe.
19:21 of 1st period - Puck is out of play.
19:22 of 1st period - Henrik Zetterberg wins face-off versus Zach Parise in Rangers zone.
19:46 of 1st period - Snap shot by Gustav Nyquist.
19:46 of 1st period - Stopped by Jaroslav Halak with a rebound.
19:48 of 1st period - Slapshot by Alec Martinez.
19:48 of 1st period - Deflect By Henrik Zetterberg.
19:48 of 1st period - Shot Misses the Net.
19:48 of 1st period - Puck is out of play.
19:49 of 1st period - Sidney Crosby wins face-off versus Nathan Gerbe in Rangers zone.
Goals for this period are 0 for Rangers vs 1 for Sabres.
Shots for this period are 7 for Rangers vs 13 for Sabres.

2nd period


0:01 of 2nd period - Sidney Crosby wins face-off versus Zach Parise in neutral zone.
0:16 of 2nd period - Snap shot by Sidney Crosby.
0:16 of 2nd period - Stopped by Jaroslav Halak without a rebound.
0:17 of 2nd period - Sidney Crosby wins face-off versus Zach Parise in Rangers zone.
0:26 of 2nd period - Snap shot by Steven Stamkos.
0:26 of 2nd period - Shot Misses the Net.
0:28 of 2nd period - Slapshot by Alex Pietrangelo.
0:28 of 2nd period - Shot Blocked by Kevin Shattenkirk.
0:30 of 2nd period - Slapshot by Alex Pietrangelo.
0:30 of 2nd period - Stopped by Jaroslav Halak without a rebound.
0:31 of 2nd period - Henrik Zetterberg wins face-off versus Zach Parise in Rangers zone.
0:34 of 2nd period - Slapshot by Blake Wheeler.
0:34 of 2nd period - Shot Misses the Net.
0:48 of 2nd period - Wrist shot by Zach Parise.
0:48 of 2nd period - Goal by Zach Parise - Rangers : 1 - Sabres : 1.
0:49 of 2nd period - Zach Parise wins face-off versus Sidney Crosby in neutral zone.
0:52 of 2nd period - Penalty to Tanner Glass is over, Tanner Glass is back on ice.
1:02 of 2nd period - Kevin Bieksa is hit by Steven Stamkos and loses puck.
1:43 of 2nd period - Alex Pietrangelo is hit by Daniel Sedin and loses puck.
1:58 of 2nd period - Wrist shot by Jeff Skinner.
1:58 of 2nd period - Shot Blocked by Jay Bouwmeester.
2:00 of 2nd period - Slapshot by Justin Falk.
2:00 of 2nd period - Deflect By Alex Pietrangelo.
2:00 of 2nd period - Stopped by Ondrej Pavelec without a rebound.
2:01 of 2nd period - Kyle Brodziak wins face-off versus Dwight King in Sabres zone.
2:30 of 2nd period - Snap shot by Chris Higgins.
2:30 of 2nd period - Shot Blocked by Justin Falk.
2:32 of 2nd period - Slapshot by Stephane Robidas.
2:32 of 2nd period - Stopped by Jaroslav Halak without a rebound.
2:33 of 2nd period - Sidney Crosby wins face-off versus Jeff Skinner in Rangers zone.
2:50 of 2nd period - Wrist shot by Sidney Crosby.
2:50 of 2nd period - Stopped by Jaroslav Halak without a rebound.
2:51 of 2nd period - Sidney Crosby wins face-off versus Jeff Skinner in Rangers zone.
3:00 of 2nd period - Snap shot by Blake Wheeler.
3:00 of 2nd period - Shot Misses the Net.
3:04 of 2nd period - Wrist shot by Blake Wheeler.
3:04 of 2nd period - Shot Misses the Net.
3:06 of 2nd period - Wrist shot by Jay Bouwmeester.
3:06 of 2nd period - Stopped by Jaroslav Halak with a rebound.
3:08 of 2nd period - Slapshot by Jay Bouwmeester.
3:08 of 2nd period - Stopped by Jaroslav Halak with a rebound.
3:10 of 2nd period - Slapshot by Eric Brewer.
3:10 of 2nd period - Goal by Eric Brewer - Rangers : 1 - Sabres : 2.
3:11 of 2nd period - Steven Stamkos wins face-off versus Logan Couture in neutral zone.
3:17 of 2nd period - Slapshot by Brooks Orpik.
3:17 of 2nd period - Deflect By Steven Stamkos.
3:17 of 2nd period - Shot Blocked by Kevin Bieksa.
3:17 of 2nd period - Puck is out of play.
3:18 of 2nd period - Steven Stamkos wins face-off versus Nathan Gerbe in Rangers zone.
3:39 of 2nd period - Slapshot by Zach Parise.
3:39 of 2nd period - Deflect By Nathan Gerbe.
3:39 of 2nd period - Shot Blocked by Henrik Zetterberg.
3:39 of 2nd period - Puck is out of play.
3:40 of 2nd period - Sidney Crosby wins face-off versus Jeff Skinner in Sabres zone.
3:45 of 2nd period - Wrist shot by Sidney Crosby.
3:45 of 2nd period - Shot Blocked by Jamie McBain.
4:31 of 2nd period - Eric Brewer is hit by Zach Parise and loses puck.
4:55 of 2nd period - Justin Falk is hit by Eric Brewer and loses puck.
5:16 of 2nd period - Slapshot by Jay McClement.
5:16 of 2nd period - Stopped by Ondrej Pavelec with a rebound.
5:18 of 2nd period - Snap shot by Justin Falk.
5:18 of 2nd period - Stopped by Ondrej Pavelec with a rebound.
5:24 of 2nd period - Snap shot by Tanner Glass.
5:24 of 2nd period - Stopped by Ondrej Pavelec with a rebound.
5:56 of 2nd period - Snap shot by Zach Parise.
5:56 of 2nd period - Shot Misses the Net.
6:42 of 2nd period - Icing by Nikita Nikitin.
6:43 of 2nd period - Sidney Crosby wins face-off versus Logan Couture in Rangers zone.
7:02 of 2nd period - Snap shot by Sidney Crosby.
7:02 of 2nd period - Shot Misses the Net.
7:04 of 2nd period - Slapshot by Stephane Robidas.
7:04 of 2nd period - Shot Blocked by Nikita Nikitin.
7:10 of 2nd period - Wrist shot by Blake Wheeler.
7:10 of 2nd period - Shot Blocked by Nikita Nikitin.
7:12 of 2nd period - Wrist shot by Sidney Crosby.
7:12 of 2nd period - Shot Blocked by Nathan Gerbe.
7:40 of 2nd period - Tanner Glass is hit by Dwight King and loses puck.
8:09 of 2nd period - Snap shot by Tanner Glass.
8:09 of 2nd period - Shot Misses the Net.
8:36 of 2nd period - Alex Pietrangelo is hit by Todd Bertuzzi and loses puck.
10:23 of 2nd period - Icing by Alec Martinez.
10:24 of 2nd period - Sidney Crosby wins face-off versus Jay McClement in Sabres zone.
10:33 of 2nd period - Minor Penalty to Tanner Glass for Holding Stick.
10:34 of 2nd period - Jay McClement wins face-off versus Sidney Crosby in Rangers zone.
11:28 of 2nd period - Jay McClement is hit by Blake Wheeler and loses puck.
11:53 of 2nd period - Snap shot by Steven Stamkos.
11:53 of 2nd period - Stopped by Jaroslav Halak with a rebound.
11:55 of 2nd period - Slapshot by Alex Pietrangelo.
11:55 of 2nd period - Stopped by Jaroslav Halak without a rebound.
11:56 of 2nd period - Sidney Crosby wins face-off versus Daniel Sedin in Rangers zone.
12:17 of 2nd period - Slapshot by Henrik Zetterberg.
12:17 of 2nd period - Goal by Henrik Zetterberg - Rangers : 1 - Sabres : 3.
12:18 of 2nd period - Todd Bertuzzi wins face-off versus PA Parenteau in neutral zone.
13:10 of 2nd period - Kevin Bieksa is hit by Eric Brewer and loses puck.
13:19 of 2nd period - Snap shot by Steven Stamkos.
13:19 of 2nd period - Shot Blocked by Todd Bertuzzi.
13:27 of 2nd period - Kevin Shattenkirk is hit by David Perron and loses puck.
13:55 of 2nd period - Double Minor Penalty to Blake Wheeler for Slashing.
13:56 of 2nd period - Jay McClement wins face-off versus Matt Stajan in Sabres zone.
15:05 of 2nd period - Icing by Kevin Bieksa.
15:06 of 2nd period - Marc-Andre Cliche wins face-off versus Jeff Skinner in Rangers zone.
15:33 of 2nd period - Brooks Orpik is hit by Jay McClement and loses puck.
16:00 of 2nd period - Snap shot by Daniel Sedin.
16:00 of 2nd period - Stopped by Ondrej Pavelec with a rebound.
16:18 of 2nd period - Eric Brewer is hit by Nikita Nikitin and loses puck.
16:25 of 2nd period - Snap shot by Jay Bouwmeester.
16:25 of 2nd period - Stopped by Jaroslav Halak with a rebound.
16:56 of 2nd period - Matt Stajan is hit by Kevin Bieksa and loses puck.
17:38 of 2nd period - Wrist shot by Kevin Shattenkirk.
17:38 of 2nd period - Stopped by Ondrej Pavelec with a rebound.
17:40 of 2nd period - Backhand shot by Kevin Bieksa.
17:40 of 2nd period - Deflect By Jeff Halpern.
17:40 of 2nd period - Shot Misses the Net.
17:40 of 2nd period - Puck is out of play.
17:41 of 2nd period - Matt Stajan wins face-off versus Jeff Skinner in Sabres zone.
17:55 of 2nd period - Penalty to Blake Wheeler is over, Blake Wheeler is back on ice.
18:26 of 2nd period - Snap shot by Blake Wheeler.
18:26 of 2nd period - Shot Misses the Net.
18:56 of 2nd period - Slapshot by Kyle Palmieri.
18:56 of 2nd period - Shot Misses the Net.
19:54 of 2nd period - Snap shot by Nathan Gerbe.
19:54 of 2nd period - Shot Misses the Net.
19:56 of 2nd period - Wrist shot by Zach Parise.
19:56 of 2nd period - Shot Hit the Post.
19:58 of 2nd period - Backhand shot by Jamie McBain.
19:58 of 2nd period - Deflect By Zach Parise.
19:58 of 2nd period - Stopped by Ondrej Pavelec with a rebound.
Goals for this period are 1 for Rangers vs 2 for Sabres.
Shots for this period are 8 for Rangers vs 11 for Sabres.

3rd period


0:01 of 3rd period - Steven Stamkos wins face-off versus Logan Couture in neutral zone.
0:15 of 3rd period - Snap shot by Logan Couture.
0:15 of 3rd period - Stopped by Ondrej Pavelec with a rebound.
0:17 of 3rd period - Snap shot by Kevin Bieksa.
0:17 of 3rd period - Stopped by Ondrej Pavelec with a rebound.
0:19 of 3rd period - Wrist shot by Kevin Shattenkirk.
0:19 of 3rd period - Stopped by Ondrej Pavelec with a rebound.
0:21 of 3rd period - Wrist shot by Logan Couture.
0:21 of 3rd period - Stopped by Ondrej Pavelec without a rebound.
0:22 of 3rd period - Sidney Crosby wins face-off versus Jeff Skinner in Sabres zone.
0:33 of 3rd period - Wrist shot by Jeff Skinner.
0:33 of 3rd period - Stopped by Ondrej Pavelec without a rebound.
0:34 of 3rd period - Sidney Crosby wins face-off versus Jeff Skinner in Sabres zone.
0:48 of 3rd period - Off-side.
0:49 of 3rd period - Steven Stamkos wins face-off versus Zach Parise in neutral zone.
0:58 of 3rd period - Wrist shot by Steven Stamkos.
0:58 of 3rd period - Shot Blocked by Nathan Gerbe.
1:00 of 3rd period - Slapshot by Eric Brewer.
1:00 of 3rd period - Stopped by Jaroslav Halak with a rebound.
1:02 of 3rd period - Wrist shot by Jay Bouwmeester.
1:02 of 3rd period - Shot Blocked by Kevin Bieksa.
1:04 of 3rd period - Slapshot by Eric Brewer.
1:04 of 3rd period - Stopped by Jaroslav Halak without a rebound.
1:05 of 3rd period - Steven Stamkos wins face-off versus Logan Couture in Rangers zone.
1:16 of 3rd period - Snap shot by Zach Parise.
1:16 of 3rd period - Deflect By Nathan Gerbe.
1:16 of 3rd period - Goal by Nathan Gerbe - Rangers : 2 - Sabres : 3.
1:17 of 3rd period - Steven Stamkos wins face-off versus Nathan Gerbe in neutral zone.
1:52 of 3rd period - Snap shot by Zach Parise.
1:52 of 3rd period - Stopped by Ondrej Pavelec with a rebound.
1:54 of 3rd period - Wrist shot by Kevin Bieksa.
1:54 of 3rd period - Stopped by Ondrej Pavelec without a rebound.
1:55 of 3rd period - Gustav Nyquist wins face-off versus Jeff Skinner in Sabres zone.
2:02 of 3rd period - Slapshot by Blake Wheeler.
2:02 of 3rd period - Stopped by Jaroslav Halak without a rebound.
2:03 of 3rd period - Gustav Nyquist wins face-off versus Jeff Skinner in Rangers zone.
2:34 of 3rd period - Wrist shot by Jeff Skinner.
2:34 of 3rd period - Shot Blocked by Jay Bouwmeester.
2:36 of 3rd period - Backhand shot by Daniel Sedin.
2:36 of 3rd period - Stopped by Ondrej Pavelec with a rebound.
2:38 of 3rd period - Slapshot by Nikita Nikitin.
2:38 of 3rd period - Shot Blocked by Jay Bouwmeester.
2:40 of 3rd period - Slapshot by Nikita Nikitin.
2:40 of 3rd period - Deflect By Daniel Sedin.
2:40 of 3rd period - Stopped by Ondrej Pavelec with a rebound.
3:00 of 3rd period - Slapshot by Kevin Bieksa.
3:00 of 3rd period - Stopped by Ondrej Pavelec with a rebound.
3:02 of 3rd period - Wrist shot by Jay McClement.
3:02 of 3rd period - Shot Misses the Net.
3:04 of 3rd period - Wrist shot by Tanner Glass.
3:04 of 3rd period - Goal by Tanner Glass - Rangers : 3 - Sabres : 3.
3:05 of 3rd period - Steven Stamkos wins face-off versus Zach Parise in neutral zone.
3:27 of 3rd period - Snap shot by Zach Parise.
3:27 of 3rd period - Shot Blocked by Alex Pietrangelo.
3:43 of 3rd period - Wrist shot by Henrik Zetterberg.
3:43 of 3rd period - Shot Misses the Net.
4:49 of 3rd period - Alec Martinez is hit by Kevin Bieksa and loses puck.
5:29 of 3rd period - Double Minor Penalty to Nikita Nikitin for High sticking.
5:30 of 3rd period - Sidney Crosby wins face-off versus Zach Parise in Rangers zone.
5:31 of 3rd period - Slapshot by Steven Stamkos.
5:31 of 3rd period - Goal by Steven Stamkos - Rangers : 3 - Sabres : 4.
5:32 of 3rd period - Sidney Crosby wins face-off versus Zach Parise in neutral zone.
5:35 of 3rd period - Jamie McBain is hit by Steven Stamkos and loses puck.
5:56 of 3rd period - Wrist shot by Steven Stamkos.
5:56 of 3rd period - Shot Misses the Net.
5:58 of 3rd period - Slapshot by Jay Bouwmeester.
5:58 of 3rd period - Stopped by Jaroslav Halak without a rebound.
5:59 of 3rd period - Henrik Zetterberg wins face-off versus Zach Parise in Rangers zone.
7:13 of 3rd period - Wrist shot by Sidney Crosby.
7:13 of 3rd period - Stopped by Jaroslav Halak with a rebound.
7:15 of 3rd period - Slapshot by Alex Pietrangelo.
7:15 of 3rd period - Shot Blocked by Kevin Bieksa.
7:31 of 3rd period - Penalty to Nikita Nikitin is over, Nikita Nikitin is back on ice.
7:38 of 3rd period - Alex Pietrangelo is hit by Nikita Nikitin and loses puck.
7:51 of 3rd period - Daniel Sedin is hit by Steve Downie and loses puck.
8:01 of 3rd period - Slapshot by PA Parenteau.
8:01 of 3rd period - Deflect By Jeff Skinner.
8:01 of 3rd period - Goal by PA Parenteau - Rangers : 3 - Sabres : 5.
8:02 of 3rd period - Jay McClement wins face-off versus Sidney Crosby in neutral zone.
8:05 of 3rd period - Slapshot by Philip Larsen.
8:05 of 3rd period - Deflect By Jeff Halpern.
8:05 of 3rd period - Stopped by Ondrej Pavelec without a rebound.
8:06 of 3rd period - Sidney Crosby wins face-off versus Jay McClement in Sabres zone.
8:15 of 3rd period - Wrist shot by Jeff Halpern.
8:15 of 3rd period - Shot Blocked by Blake Wheeler.
8:17 of 3rd period - Snap shot by Jay McClement.
8:17 of 3rd period - Shot Misses the Net.
9:01 of 3rd period - Alec Martinez is hit by Todd Bertuzzi and loses puck.
9:50 of 3rd period - Snap shot by PA Parenteau.
9:50 of 3rd period - Goal by PA Parenteau - Rangers : 3 - Sabres : 6.
9:51 of 3rd period - Jay McClement wins face-off versus Matt Stajan in neutral zone.
9:54 of 3rd period - Snap shot by Kevin Bieksa.
9:54 of 3rd period - Stopped by Ondrej Pavelec with a rebound.
10:08 of 3rd period - Wrist shot by Jay McClement.
10:08 of 3rd period - Shot Misses the Net.
10:10 of 3rd period - Slapshot by Kevin Bieksa.
10:10 of 3rd period - Stopped by Ondrej Pavelec with a rebound.
10:12 of 3rd period - Snap shot by Tanner Glass.
10:12 of 3rd period - Shot Blocked by Brooks Orpik.
10:14 of 3rd period - Slapshot by Jeff Halpern.
10:14 of 3rd period - Deflect By Jay McClement.
10:14 of 3rd period - Stopped by Ondrej Pavelec with a rebound.
10:34 of 3rd period - Icing by Alex Pietrangelo.
10:35 of 3rd period - Logan Couture wins face-off versus Matt Stajan in Sabres zone.
10:44 of 3rd period - Snap shot by Zach Parise.
10:44 of 3rd period - Shot Misses the Net.
10:46 of 3rd period - Slapshot by Nikita Nikitin.
10:46 of 3rd period - Stopped by Ondrej Pavelec with a rebound.
10:48 of 3rd period - Slapshot by Nikita Nikitin.
10:48 of 3rd period - Deflect By Logan Couture.
10:48 of 3rd period - Shot Blocked by Alex Pietrangelo.
10:48 of 3rd period - Puck is out of play.
10:49 of 3rd period - David Perron wins face-off versus Logan Couture in Sabres zone.
11:15 of 3rd period - Snap shot by Zach Parise.
11:15 of 3rd period - Shot Hit the Post.
11:27 of 3rd period - Wrist shot by Steven Stamkos.
11:27 of 3rd period - Stopped by Jaroslav Halak with a rebound.
11:41 of 3rd period - Nathan Gerbe is hit by Sidney Crosby and loses puck.
11:55 of 3rd period - Nathan Gerbe is hit by Jay Bouwmeester.
12:29 of 3rd period - Wrist shot by Jeff Skinner.
12:29 of 3rd period - Deflect By Daniel Sedin.
12:29 of 3rd period - Stopped by Ondrej Pavelec with a rebound.
12:31 of 3rd period - Snap shot by Daniel Sedin.
12:31 of 3rd period - Stopped by Ondrej Pavelec with a rebound.
12:53 of 3rd period - Tanner Glass is hit by Brooks Orpik and loses puck.
13:52 of 3rd period - Snap shot by Kyle Palmieri.
13:52 of 3rd period - Shot Misses the Net.
14:29 of 3rd period - Jay McClement is hit by Stephane Robidas.
14:41 of 3rd period - Slapshot by Steven Stamkos.
14:41 of 3rd period - Deflect By Henrik Zetterberg.
14:41 of 3rd period - Stopped by Jaroslav Halak with a rebound.
15:01 of 3rd period - Snap shot by Steven Stamkos.
15:01 of 3rd period - Stopped by Jaroslav Halak with a rebound.
15:44 of 3rd period - Snap shot by Jeff Skinner.
15:44 of 3rd period - Shot Blocked by Sidney Crosby.
15:46 of 3rd period - Slapshot by Todd Bertuzzi.
15:46 of 3rd period - Shot Misses the Net.
15:48 of 3rd period - Wrist shot by Jeff Skinner.
15:48 of 3rd period - Shot Blocked by Eric Brewer.
15:50 of 3rd period - Snap shot by Daniel Sedin.
15:50 of 3rd period - Stopped by Ondrej Pavelec without a rebound.
15:51 of 3rd period - Todd Bertuzzi wins face-off versus Marc-Andre Cliche in Sabres zone.
16:21 of 3rd period - Icing by Nikita Nikitin.
16:22 of 3rd period - Steven Stamkos wins face-off versus Logan Couture in Rangers zone.
16:23 of 3rd period - Snap shot by Henrik Zetterberg.
16:23 of 3rd period - Shot Misses the Net.
16:41 of 3rd period - Snap shot by Steven Stamkos.
16:41 of 3rd period - Deflect By Henrik Zetterberg.
16:41 of 3rd period - Goal by Henrik Zetterberg - Rangers : 3 - Sabres : 7.
16:42 of 3rd period - Jeff Skinner wins face-off versus Steven Stamkos in neutral zone.
17:04 of 3rd period - Icing by Kevin Shattenkirk.
17:05 of 3rd period - Jeff Skinner wins face-off versus Gustav Nyquist in Rangers zone.
17:58 of 3rd period - Minor Penalty to Tanner Glass for Roughing.
17:59 of 3rd period - Sidney Crosby wins face-off versus Zach Parise in Rangers zone.
18:22 of 3rd period - Snap shot by Steven Stamkos.
18:22 of 3rd period - Goal by Steven Stamkos - Rangers : 3 - Sabres : 8.
18:23 of 3rd period - Logan Couture wins face-off versus Steven Stamkos in neutral zone.
18:44 of 3rd period - Backhand shot by Henrik Zetterberg.
18:44 of 3rd period - Shot Misses the Net.
18:52 of 3rd period - Slapshot by Steven Stamkos.
18:52 of 3rd period - Shot Misses the Net.
19:22 of 3rd period - Daniel Sedin is hit by Brooks Orpik.
19:30 of 3rd period - Jeff Skinner is hit by Brooks Orpik.
19:36 of 3rd period - Backhand shot by Sidney Crosby.
19:36 of 3rd period - Stopped by Jaroslav Halak with a rebound.
19:38 of 3rd period - Snap shot by Jay Bouwmeester.
19:38 of 3rd period - Shot Misses the Net.
19:40 of 3rd period - Backhand shot by Sidney Crosby.
19:40 of 3rd period - Deflect By Blake Wheeler.
19:40 of 3rd period - Shot Blocked by Jeff Skinner.
19:40 of 3rd period - Puck is out of play.
19:41 of 3rd period - Matt Stajan wins face-off versus Jay McClement in Rangers zone.
Goals for this period are 2 for Rangers vs 5 for Sabres.
Shots for this period are 20 for Rangers vs 14 for Sabres.


Output by the SimonT Hockey Simulator (STHS) for Eric Dolegowski -- Original Page W3C XHTML 1.0 Valid
Hockey Simulator - Hockey Simulation - Hockey Manager